 Dungeon Crawl Stone Soup version 0.29.1-15-g9cfb28693d (webtiles) character file.

Game seed: 12069889234454934722

105 dudediamond6 the Sneak (level 4, -1/30 HPs)
             Began as an Octopode Brigand on Feb 23, 2023.
             Slain by Crazy Yiuf
             ... wielding a +3 quarterstaff of chaos
              (2 damage)
             ... on level 3 of the Dungeon.
             The game lasted 00:02:49 (2430 turns).

dudediamond6 the Sneak (Octopode Brigand)           Turns: 2430, Time: 00:02:51

Health: -1/30      AC:  1    Str: 10    XL:     4   Next: 83%
Magic:  4/4        EV: 12    Int: 13    God:
Gold:   149        SH:  0    Dex: 15    Spells: 3/3 levels left

rFire   . . .      SeeInvis .   d - +2 dagger (venom)
rCold   . . .      Faith    .   (no shield)
rNeg    + . .      Spirit   .   (helmet restricted)
rPois   .          Reflect  .   (no amulet)
rElec   .          Harm     .   f - ring of positive energy
rCorr   .          Rampage  .   (no ring)
Will    .....                   (no ring)
Stlth   +++++.....              (no ring)
HPRegen 0.10/turn               (no ring)
MPRegen 0.09/turn               (no ring)
                                (no ring)
                                (no ring)

@: no status effects
A: almost no armour, amphibious, 8 rings, camouflage 1, gelatinous body 1,
(nimble swimmer 1), tentacles
a: no special abilities


You were on level 3 of the Dungeon.
You visited 1 branch of the dungeon, and saw 3 of its levels.

You collected 149 gold pieces.

Inventory:

Hand Weapons
 d - a +2 dagger of venom (weapon)
Missiles
 b - 17 poisoned darts (quivered)
 c - 3 curare-tipped darts
Jewellery
 f - a ring of positive energy (left tentacle)
Scrolls
 a - a scroll of blinking {unknown}
 e - a scroll of teleportation {unknown}
 g - 3 scrolls of identify {unknown}
 j - a scroll of fog {unknown}
 k - a scroll of enchant armour {unknown}
Potions
 h - a potion of heal wounds {unknown}
 i - 2 potions of curing {unknown}


   Skills:
 * Level 2.6 Fighting
 * Level 3.1 Short Blades
 - Level 2.0 Throwing
 - Level 1.0 Dodging
 + Level 7.0 Stealth


You had 3 spell levels left.
You didn't know any spells.
Your spell library contained the following spells:

 Spells                   Type           Power      Damage    Failure   Level
 Sandblast                Erth           0%         2d4       30%         1
 Summon Small Mammal      Summ           0%         N/A       30%         1
 Passwall                 Tmut/Erth      0%         N/A       43%         2
 Static Discharge         Conj/Air       0%         3-3/arc   43%         2
 Call Canine Familiar     Summ           0%         N/A       67%         3
 Stone Arrow              Conj/Erth      0%         3d7       67%         3
 Summon Guardian Golem    Hex/Summ       0%         N/A       67%         3
 Corpse Rot               Necr/Pois/Air  0%         N/A       97%         4
 Dispel Undead            Necr           0%         3d6       97%         4
 Lightning Bolt           Conj/Air       0%         1d11      100%        5
 Death Channel            Necr           0%         N/A       100%        6
 Malign Gateway           Summ/Tloc      0%         N/A       100%        7
 Maxwell's Capacitive Co  Air            0%         ∞         100%        8
 Summon Horrible Things   Summ           0%         N/A       100%        8


Dungeon Overview and Level Annotations

Branches:
Dungeon (3/15)

Altars:

Shops:
D:1 ([

Annotations:
D:3 2 transporters, Crazy Yiuf


Innate Abilities, Weirdness & Mutations

You cannot wear most types of armour.
You are amphibious.
You can wear up to eight rings at the same time.
Your skin changes colour to match your surroundings (Stealth+).
Your rubbery body absorbs attacks. (AC +1, EV +1)
((You are camouflaged when in or above water. (Stealth+)))
You have tentacles for arms and can constrict up to eight enemies at once.


Message History

You open the door.
There is an open door here.
There is an open door here.
A ball python comes into view.
A ball python is nearby!
An adder comes into view.
The ball python hisses angrily.
The adder hisses angrily.
The adder bites you.
You hit the adder. Your grab misses the adder.
The adder is moderately wounded.
The adder barely misses you.
You closely miss the adder. Your grab misses the adder.
The adder is moderately wounded.
The ball python bites you. The ball python grabs you.
The ball python constricts you. The adder bites you.
The ball python closely misses you. The ball python constricts you.
You barely miss the ball python. You grab the ball python.
You squeeze the ball python.
You kill the ball python!
The adder completely misses you.
You hit the adder.
The adder is poisoned.
Your grab misses the adder. You squeeze the adder.
You kill the adder!
No target in view!
Found a hammer.
Found a runed translucent door.
You open the door. Crazy Yiuf misses you.
There is an open translucent door here.
You hit Crazy Yiuf.
Crazy Yiuf is poisoned.
Your grab misses Crazy Yiuf.
Crazy Yiuf is lightly wounded.
Crazy Yiuf hits you with a +3 quarterstaff of chaos!
Crazy Yiuf burns you.
You completely miss Crazy Yiuf. You grab Crazy Yiuf. You squeeze Crazy Yiuf.
Crazy Yiuf is moderately wounded.
You constrict Crazy Yiuf.
Crazy Yiuf hits you with a +3 quarterstaff of chaos!
Ouch! That really hurt!
* * * LOW HITPOINT WARNING * * *
Crazy Yiuf burns you.
You die...

#....#
#...##......
♣...♣♣
#...##†.....
♣♣...♣
#...####'#'#
♣♣.♣♣
#........#.#
♣♣.♣
#...######.#
♣.♣♣ #####
#.# ♣♣.♣ #.#
♣.♣♣ #.# #@#
#.# #.g.#
#.# #...#
#)..# #####


You could see Crazy Yiuf (very poisoned).

Vanquished Creatures
  An orc priest (D:3)
  3 adders
  A worm (D:3)
  3 dart slugs
  2 orcs (D:3)
  3 endoplasms (D:1)
  A giant cockroach (D:2)
  4 goblins
  A hobgoblin (D:1)
  2 quokkas (D:2)
  5 ball pythons
  6 bats
  2 frilled lizards
  4 kobolds
  2 rats
40 creatures vanquished.

Notes
Turn   | Place    | Note
-------+----------+-------------------------------------------
     0 | D:1      | dudediamond6 the Octopode Brigand began the quest for the
                  | Orb.
     0 | D:1      | Reached XP level 1. HP: 14/14 MP: 1/1
   266 | D:1      | Reached XP level 2. HP: 19/19 MP: 2/2
   363 | D:1      | Found Ydexecif's Antique Armour Shoppe.
   423 | D:1      | Reached skill level 6 in Stealth
   861 | D:1      | Found Ozyf's Antique Weapon Boutique.
  1020 | D:2      | Found a faded altar of an unknown god.
  1060 | D:2      | Reached XP level 3. HP: 18/24 MP: 3/3
  1837 | D:3      | Found a transporter.
  1993 | D:3      | Reached XP level 4. HP: 30/30 MP: 4/4
  2275 | D:3      | Found a transporter.
  2296 | D:3      | Reached skill level 7 in Stealth
  2423 | D:3      | Found a runed translucent door.
  2424 | D:3      | Noticed Crazy Yiuf
  2430 | D:3      | HP: 1/30 [Crazy Yiuf/+3 quarterstaff of chaos (15)]
  2430 | D:3      | Slain by Crazy Yiuf

Illustrated notes

Levels and vault maps discovered:
D:1:      dpeg_arrival_rhombus, layout_loops_ring, serial_shops,
          nicolae_shop_crystal, nicolae_shop_behind_doors,
          minmay_misc_feat_encased
D:2:      layout_loops_cross, dreamdust_ecumenical_altar_grove
D:3:      gammafunk_steamed_eel, layout_basic, trog_three_pillars_becter,
          grunt_gozag_statues, minmay_misc_feat_iff, uniq_crazy_yiuf_cottage,
          uniq_grinder

Skill      XL: |  1  2  3  4 |
---------------+-------------+-----
Stealth        | 6 7 |  7.0
Short Blades   | 3 |  3.1
Fighting       | |  2.6
Throwing       | |  2.0
Dodging        | |  1.0

Action                   |  1- 3 |  4- 6 || total
-------------------------+-------+-------++-------
Melee: Dagger            |    56 |    16 ||    72
       Constrict         |    11 |     6 ||    17
       Tentacles         |     7 |     7 ||    14
 Stab: Sleeping          |    13 |     2 ||    15
Armor: Skin              |     9 |       ||     9
Dodge: Dodged            |    25 |     5 ||    30
